 Dungeon Crawl Stone Soup version 0.19-a0-32-gbfd796a (webtiles) character file.

19 M4edhros the Grave Robber (level 2, -2/17 HPs)
             Began as an Octopode Necromancer on May 2, 2016.
             Slain by a jackal (3 damage)
             ... on level 3 of the Dungeon.
             The game lasted 00:01:01 (206 turns).

M4edhros the Grave Robber (Octopode Necromancer)     Turns: 206, Time: 00:01:02

Health: -2/17      AC:  1    Str: 12    XL:     2   Next: 75%
Magic:  1/5        EV: 12    Int: 17    God:
Gold:   16         SH:  0    Dex: 12    Spells: 1 memorised, 4 levels left

rFire  . . .     SeeInvis +       - Unarmed
rCold  . . .     Gourm    .     (no shield)
rNeg   . . .     Faith    .     (helmet restricted)
rPois  .         Spirit   .     (no amulet)
rElec  .         Dismiss  .     d - ring of see invisible
rCorr  .         Reflect  .     (no ring)
SustAt .         Harm     .     (no ring)
MR     .....                    (no ring)
Stlth  +++.......               (no ring)
                                (no ring)
                                (no ring)
                                (no ring)

@: mighty, not resistant to hostile enchantments, fairly stealthy
A: almost no armour, amphibious, 8 rings, constrict 8, camouflage 1, gelatinous
body 1
a: no special abilities


You were on level 3 of the Dungeon.
You were not hungry.

You visited 1 branch of the dungeon, and saw 3 of its levels.

You collected 16 gold pieces.

Inventory:

Jewellery
 d - a ring of see invisible (left tentacle)
Scrolls
 c - a scroll of immolation {unknown}
 e - 2 scrolls of remove curse {unknown}
 g - a scroll of noise {unknown}
Books
 a - a book of Necromancy

   Spells                             Type                      Level
   a - Pain                           Necromancy                   1
   b - Animate Skeleton               Necromancy                   1
   c - Vampiric Draining              Necromancy                   3
   d - Regeneration                   Charms/Necromancy            3
   e - Animate Dead                   Necromancy                   4
   f - Control Undead                 Necromancy                   4
Comestibles
 b - 4 bread rations
 f - a chunk of flesh


   Skills:
 - Level 2.0 Dodging
 - Level 2.6 Stealth
 + Level 2.2 Unarmed Combat
 - Level 2.0 Spellcasting
 - Level 4.0 Necromancy


You had 4 spell levels left.
You knew the following spells:

 Your Spells              Type           Power        Failure   Level  Hunger
a - Pain                  Necr           ###.         3%          1    #......


Dungeon Overview and Level Annotations

Branches:
Dungeon (3/15)

Altars:
Qazlal


Innate Abilities, Weirdness & Mutations

You cannot wear most types of armour.
You are amphibious.
You can wear up to eight rings at the same time.
You can use your tentacles to constrict eight enemies at once.
Your skin changes colour to match your surroundings (Stealth).
Your rubbery body absorbs attacks (AC +1).


Message History

You tentacle-slap the kobold.
You tentacle-slap the kobold, but do no damage.
The kobold is severely wounded.
You constrict the kobold.
You kill the kobold!
The jackal barely misses you.
A jackal comes into view.
Found a stone staircase leading down.
The jackal bites you.
* * * LOW HITPOINT WARNING * * *
Drink which item? (? for menu, Esc to quit)
It was a potion of might.
You feel very mighty all of a sudden.
You bludgeon the jackal!
You kill the jackal!
A jackal comes into view.
You barely miss the jackal.
The jackal barks!
You grab the jackal. You constrict the jackal. The jackal bites you.
You die...

### #### ... .>#
######.# #.#
....#.####@#
#.......#h#
#.........#
#.......######
#..............
######.....).#######
#........#h.......
###.####.#.#######
## #.#..


You could see 2 jackals.

Vanquished Creatures
  2 worms
  A dart slug (D:3)
  A giant gecko (D:2)
  An orc (D:3)
  A goblin (D:1)
  A jackal (D:3)
  A kobold (D:3)
  A rat (D:1)
9 creatures vanquished.

Notes
Turn   | Place    | Note
--------------------------------------------------------------
     0 | D:1      | M4edhros the Octopode Necromancer began the quest for the Orb.
     0 | D:1      | Reached XP level 1. HP: 11/11 MP: 3/3
    79 | D:2      | Reached skill level 1 in Unarmed Combat
    83 | D:2      | Reached XP level 2. HP: 11/17 MP: 0/5
   169 | D:3      | Found a stormy altar of Qazlal.
   206 | D:3      | Slain by a jackal

Vault maps used:
D:1:      lemuel_arrival_cross
D:2:      vehumet_crystals, okawaru_gym_becter, uniq_jessica,
          uniq_crazy_yiuf_cottage
D:3:      nicolae_qazlal_general_emergency, gammafunk_temple_overflow_wave

Skill      XL: |  1  2 |
---------------+-------+-----
Unarmed Combat | 1 2 |  2.2
Dodging        | |  2.0
Stealth        | |  2.6
Spellcasting   | |  2.0
Necromancy     | |  4.0

Action                   || total
-------------------------++-------
Melee: Unarmed           ||    15
       Constrict         ||     6
       Tentacles         ||     3
       Punch             ||     1
 Cast: Pain              ||    13
  Use: Potion            ||     1
 Stab: Sleeping          ||     1
Armor: Skin              ||     1
Dodge: Dodged            ||     5
